 Dungeon Crawl Stone Soup version 0.29-a0-233-g1125b37a9b (webtiles) character file.

Game seed: 2175273415344275287

114 spaghetti the Ducker (level 4, -15/31 HPs)
             Began as an Octopode Fighter on Mar 1, 2022.
             Demolished by a goblin
             ... wielding a +1 dagger of electrocution
             ... led by Robin
              (20 damage)
             ... on level 3 of the Dungeon.
             The game lasted 00:03:13 (2267 turns).

spaghetti the Ducker (Octopode Fighter)             Turns: 2267, Time: 00:03:14

Health: -15/31     AC:  1    Str: 15    XL:     4   Next: 98%
Magic:  4/4        EV: 14    Int: 10    God:
Gold:   148        SH:  5    Dex: 19    Spells: 3/3 levels left

rFire   . . .      SeeInvis .   h - +2 flail (distort) {!wmace}
rCold   . . .      Faith    .   a - +0 buckler
rNeg    . . .      Spirit   .   (helmet restricted)
rPois   .          Reflect  .   (no amulet)
rElec   .          Harm     .   n - +6 ring of dexterity
rCorr   .          Rampage  .   (no ring)
Will    .....                   (no ring)
Stlth   +++.......              (no ring)
HPRegen 0.10/turn               (no ring)
MPRegen 0.09/turn               (no ring)
                                (no ring)
                                (no ring)

@: attractive
A: almost no armour, amphibious, 8 rings, camouflage 1, gelatinous body 1,
(nimble swimmer 1), tentacles
a: no special abilities


You were on level 3 of the Dungeon.
You visited 1 branch of the dungeon, and saw 3 of its levels.

You collected 148 gold pieces.


Innate Abilities, Weirdness & Mutations

You cannot wear most types of armour.
You are amphibious.
You can wear up to eight rings at the same time.
Your skin changes colour to match your surroundings (Stealth+).
Your rubbery body absorbs attacks. (AC +1, EV +1)
((You are camouflaged when in or above water. (Stealth+)))
You have tentacles for arms and can constrict up to eight enemies at once.


   Skills:
 - Level 3.0 Fighting
 + Level 3.5 Maces & Flails
 - Level 4.0 Dodging
 - Level 3.0 Shields
 - Level 2.0 Unarmed Combat


You had 3 spell levels left.
You didn't know any spells.
Your spell library contained the following spells:

 Spells                   Type           Power      Damage    Failure   Level
 Summon Small Mammal      Summ           0%         N/A       45%         1
 Call Canine Familiar     Summ           0%         N/A       83%         3
 Summon Guardian Golem    Hex/Summ       0%         N/A       83%         3
 Chain Lightning          Conj/Air       0%         N/A       100%        9
 Fire Storm               Conj/Fire      0%         5d1       100%        9
 Shatter                  Erth           0%         3d5*      100%        9

Inventory:

Hand Weapons
 c - a +0 mace {mace}
   (You found it on level 1 of the Dungeon)
 h - a +2 flail of distortion (weapon) {!wmace}
   (You found it on level 1 of the Dungeon)
Missiles
 e - 25 stones (quivered) {throwing}
Armour
 a - a +0 buckler (worn)
Jewellery
 n - a +6 ring of dexterity (left tentacle)
   (You found it on level 3 of the Dungeon)
Wands
 j - a wand of digging (4)
   (You took it off a hobgoblin on level 2 of the Dungeon)
Scrolls
 d - 2 scrolls of teleportation {@r4}
 i - a scroll of amnesia
 l - a scroll of immolation {!r!r}
 m - a scroll of identify {@r1}
Potions
 b - 2 potions of might
 k - a potion of ambrosia {unknown}

Dungeon Overview and Level Annotations

Branches:
Dungeon (3/15)

Altars:
Nemelex Xobeh

Annotations:
D:3 2 transporters, ReploidZero's ghost, amateur VSFi; Robin

.... .gg## ....#
.gg# #..# #.g#
#ยงg# #g@# #gg#
####.# .#
#..[.##.#.#
#.##.##.#.# # #
#.##.#.#
##.#.##.##.#.####
#........#.......
.......โ€
.........#


You could see Robin and 7 goblins.


Message History

You sock the ball python!
You kill the ball python!
The helpless quokka fails to defend itself.
You sock the quokka!
You kill the quokka!
No target in view!
No target in view!
No target in view!
No target in view!
No target in view!
No target in view!
No target in view!
An adder comes into view.
An adder is nearby!
An adder is nearby!
A hobgoblin comes into view.
The adder bites you. The adder closely misses you.
You hit the adder. You grab the adder.
The adder blinks free!
The adder bites you.
You completely miss the adder. Your grab misses the adder. The adder bites you.
You block the adder's attack.
You hit the adder.
The adder is devoured by a tear in reality. ๐Ÿ˜• HP[-7]
You take 7 damage, and now have 24/31 hp.
MASSIVE DAMAGE!! (PAUSE) 2 goblins come into view.
A goblin is wielding a +1 dagger of electrocution.
The goblin shouts!
You hear a shout!
A goblin comes into view. It is wielding a +0 club.
The goblin shouts!
You barely miss the hobgoblin.
The goblin shouts!
Your grab misses the hobgoblin. You squeeze the hobgoblin.
You hear a shout!
A goblin comes into view. It is wielding a +0 dagger.
Robin of the Strong Arm comes into view.
They are wielding a +0 falchion.
A goblin comes into view. It is wielding a +0 dagger.
The hobgoblin barely misses you.
You hear a shout! x3 ๐Ÿ˜• HP[+1]
You completely miss the hobgoblin.
Robin shouts!
The goblin shouts! x2
Your grab misses the hobgoblin.
You squeeze the hobgoblin, but do no damage.
The hobgoblin hits you. ๐Ÿ˜ฎ HP[-2]
You take 2 damage, and now have 23/31 hp.
You hit the hobgoblin.
The hobgoblin is devoured by a tear in reality.
Okay, then.
Okay, then.
Okay, then.
It was a potion of curing.
You feel better.
Robin throws the goblin at you! ๐Ÿ˜Ž HP[+8]
Your hp is fully restored (31).
You completely miss the goblin. You grab the goblin. You constrict the goblin.
A hobgoblin comes into view.
Robin throws the goblin at you!
A goblin comes into view. It is wielding a +0 dagger.
The goblin misses you.
A goblin comes into view. It is wielding a +0 club.
The goblin barely misses you.
The hobgoblin moves out of view. ๐Ÿ˜• HP[-3]
You take 3 damage, and now have 28/31 hp.
You hit the goblin.
You kill the goblin!
The goblin closely misses you. Robin throws the goblin at you!
The goblin closely misses you.
A goblin comes into view. It is wielding a +0 dagger.
You block the goblin's attack. The goblin barely misses you.
The goblin hits you with a +1 dagger of electrocution.
You are electrocuted!!
Ouch! That really hurt!
* * * LOW HITPOINT WARNING * * *
The goblin moves out of view. ๐Ÿ˜ฑ HP[-24]
You take 24 damage, and now have 4/31 hp.
MASSIVE DAMAGE!! (PAUSE)
Okay, then.
Okay, then.
You feel better. The goblin misses you. You block the goblin's attack.
The goblin hits you with a +0 dagger.
* * * LOW HITPOINT WARNING * * *
A goblin comes into view. It is wielding a +0 club.
The goblin barely misses you. ๐Ÿ˜จ HP[+4]
You regained 4 hp, and now have 8/31 hp.
Okay, then.
It was a potion of attraction.
You feel attractive to monsters. You block the goblin's attack.
Robin roars a battlecry!
The goblins go into a battle-frenzy!
The goblin barely misses you.
The goblin hits you with a +1 dagger of electrocution.
* * * LOW HITPOINT WARNING * * *
You are electrocuted!!
Ouch! That really hurt!
You die...

Skill      XL: |  1  2  3  4 |
---------------+-------------+-----
Dodging        | 4 |  4.0
Maces & Flails | 2 3 |  3.5
Fighting       | |  3.0
Shields        | |  3.0
Unarmed Combat | |  2.0

Action                   |  1- 3 |  4- 6 || total
-------------------------+-------+-------++-------
Melee: Mace              |    22 |       ||    22
       Constrict         |    19 |     9 ||    28
       Punch             |     3 |     2 ||     5
       Tentacles         |    10 |     6 ||    16
       Unarmed           |     2 |       ||     2
       Flail             |    22 |    36 ||    58
Throw: Stone             |       |     4 ||     4
  Use: Scroll            |     3 |     2 ||     5
       Potion            |       |     3 ||     3
 Stab: Sleeping          |     1 |     5 ||     6
Armor: Skin              |     4 |     2 ||     6
Dodge: Dodged            |    38 |    24 ||    62
Block: Buckler           |     9 |     8 ||    17

Levels and vault maps discovered:
D:1:      scummos_arrival_checkerplants, layout_basic
D:2:      layout_rooms, basic_altar
D:3:      layout_loops_ring, okawaru_gym_becter, serial_shops,
          nicolae_shop_bloodbath_and_beyond, gammafunk_ghost_stat_death,
          kennysheep_generic_room_5, uniq_robin, uniq_ijyb

Notes
Turn   | Place    | Note
-------+----------+-------------------------------------------
     0 | D:1      | spaghetti the Octopode Fighter began the quest for the Orb.
     0 | D:1      | Reached XP level 1. HP: 16/16 MP: 1/1
     0 | D:1      | magus.rc [v1.9.6]
   232 | D:1      | Reached XP level 2. HP: 15/21 MP: 2/2
   766 | D:1      | Reached skill level 4 in Dodging
  1086 | D:2      | Reached XP level 3. HP: 20/26 MP: 3/3
  1212 | D:2      | Reached skill level 1 in Maces & Flails
  1302 | D:2      | Reached skill level 2 in Maces & Flails
  1306 | D:2      | Reached XP level 4. HP: 16/31 MP: 4/4
  1828 | D:2      | You pick up a book of Callings and begin reading...
  1828 | D:2      | You add the spells Summon Small Mammal, Call Canine
                  | Familiar and Summon Guardian Golem to your library.
  1842 | D:2      | You pick up a book of Annihilations and begin reading...
  1842 | D:2      | You add the spells Chain Lightning, Fire Storm and Shatter
                  | to your library.
  1859 | D:2      | Found a sparkling altar of Nemelex Xobeh.
  2013 | D:2      | Reached skill level 3 in Maces & Flails
  2092 | D:3      | Found a transporter.
  2154 | D:3      | Noticed ReploidZero's ghost (amateur VSFi)
  2166 | D:3      | Found a transporter.
  2260 | D:3      | Noticed Robin
  2265 | D:3      | HP: 4/31 [goblin/+1 dagger of electrocution[Robin] (20)]
  2267 | D:3      | Demolished by a goblin

Vanquished Creatures
  5 adders
  A worm (D:2)
  A dart slug (D:1)
  An orc (D:2)
  4 endoplasms
  5 giant cockroaches
  6 goblins
  3 hobgoblins
  6 jackals
  A quokka (D:3)
  4 ball pythons
  5 bats
  3 frilled lizards
  5 rats
50 creatures vanquished.

Table legend:
 A = Non-vault XP
 B = Vault XP
 C = Vault XP percentage of total XP
 D = Non-vault monster count
 E = Vault monster count
 F = Vault count percentage of total count
                 A         B        C        D         E       F
            +---------+---------+-------+---------+---------+-------
      Total |     160 |       4 |   2.4 |      50 |       2 |   3.8
            +---------+---------+-------+---------+---------+-------
        D:1 |      29 |       0 |   0.0 |      16 |       0 |   0.0
        D:2 |      96 |       0 |   0.0 |      27 |       0 |   0.0
        D:3 |      35 |       4 |  10.3 |       7 |       2 |  22.2
            +---------+---------+-------+---------+---------+-------

Illustrated notes

Table legend:
 A = Kills in this place as a percentage of kills in entire the game.
 B = Kills by you in this place as a percentage of kills by you in the entire game.
 C = Kills by friends in this place as a percentage of kills by friends in the entire game.
 D = Other kills in this place as a percentage of other kills in the entire game.
 E = Experience gained in this place as a percentage of experience gained in the entire game.
 F = Experience gained in this place divided by the number of levels of this place that you have seen.
                   A       B       C       D       E      F
               +-------+-------+-------+-------+-------+----------------------
         Total | 100.0 | 100.0 |   N/A | 100.0 | 100.0 |  54.7
       Dungeon | 100.0 | 100.0 |   N/A | 100.0 | 100.0 |  54.7
               +-------+-------+-------+-------+-------+----------------------

Table legend: (Time is in decaauts)
 A = Elapsed time spent in this place.
 B = Non-inter-level travel time spent in this place.
 C = Inter-level travel time spent in this place.
 D = Time resting spent in this place.
 E = Time spent auto-exploring this place.
 F = Levels seen in this place.
 G = Mean time per level.
                   A        B        C        D        E       F      G
               +--------+--------+--------+--------+--------+-----+--------+
         Total |   2296 |   2250 |     46 |    672 |   1236 |   3 |  765.3 |
       Dungeon |   2296 |   2250 |     46 |    672 |   1236 |   3 |  765.3 |
               +--------+--------+--------+--------+--------+-----+--------+

Top non-repeatable levels by time:
     D:1: 1115 daAuts
     D:2: 996 daAuts
     D:3: 183 daAuts
